 Dungeon Sprint DCSS version 0.29-a0-973-gac7da5f7f0 (webtiles) character file.

Game seed: 5843735425342295324

1463 rocky1 the Basher (level 9, -1/66 HPs)
             Began as a Formicid Fighter on Aug 1, 2022.
             Was a Believer of Okawaru.
             Slain by a two-headed ogre
             ... wielding a +0 giant club
              (24 damage)
             ... in the Dungeon (Sprint VII: "The Pits").
             The game lasted 00:04:03 (1947 turns).

rocky1 the Basher (Formicid Fighter)                Turns: 1947, Time: 00:04:04

Health: -1/66      AC: 24    Str: 28    XL:     9   Next: 5%
Magic:  16/16      EV:  8    Int: 11    God:    Okawaru [**....]
Gold:   0          SH:  7    Dex: 13    Spells: 8/8 levels left

rFire   . . .      SeeInvis +   m - +2 morningstar (protect)
rCold   . . .      Faith    .   c - +0 buckler
rNeg    . . .      Spirit   .   f - +3 plate armour
rPois   .          Reflect  .   (helmet unavailable)
rElec   .          Harm     .   o - +0 cloak
rCorr   .          Rampage  .   (no gloves)
Will    .....                   n - +0 pair of boots
Stlth   ..........              (no amulet)
HPRegen 0.21/turn               b - +3 ring of intelligence
MPRegen 0.15/turn               a - +3 ring of strength

@: under a protective aura
A: permanent stasis, dig shafts and tunnels, antennae 3, four strong arms
a: Dig, Renounce Religion, Heroism


You were in the Dungeon.
You worshipped Okawaru.
Okawaru was pleased with you.
You visited 1 branch

Inventory:

Hand Weapons
 m - a +2 morningstar of protection (weapon)
Armour
 c - a +0 buckler (worn)
 f - a +3 plate armour (worn)
 n - a +0 pair of boots (worn)
 o - a +0 cloak (worn)
Jewellery
 a - a +3 ring of strength (right hand)
 b - a +3 ring of intelligence (left hand)
Scrolls
 i - 5 scrolls of amnesia
Potions
 d - 2 potions of brilliance
 e - 6 potions of curing
 g - 4 potions of magic
 h - a potion of invisibility
 j - 7 potions of heal wounds
 l - a potion of might


   Skills:
 - Level 4.7 Fighting
 * Level 13.2 Maces & Flails
 - Level 4.7 Armour
 - Level 2.5 Dodging
 + Level 12.6 Shields
 + Level 10.3 Invocations


You had 8 spell levels left.
You didn't know any spells.
Your spell library was empty.

Dungeon Overview and Level Annotations

Branches:
Dungeon (1/1)

Altars:
Ashenzari
Cheibriados
Dithmenos
Elyvilon
Fedhas
Gozag
Hepliaklqana
Kikubaaqudgha
Makhleb
Nemelex Xobeh
Okawaru
Qazlal
Ru
Sif Muna
Trog
Uskayaw
Vehumet
Wu Jian
Xom
Yredelemnul
Zin
The Shining One
Jiyva
Lugonu


Innate Abilities, Weirdness & Mutations

You cannot be hasted, slowed, berserked, paralysed or teleported.
You can dig through walls and to a lower floor.
You have a pair of large antennae on your head. (SInv)
Your four strong arms can wield two-handed weapons with a shield.


Message History

The bolt of fire hits you! The two-headed ogre barely misses you.
The two-headed ogre hits you but does no damage.
Unknown command.
You bludgeon the efreet!!
You kill the efreet!
Okawaru is honoured by your kill.
Your Maces & Flails skill increases to level 13!
Your Invocations skill increases to level 10!
You have reached level 9!
Your experience leads to an increase in your attributes!
Your base attributes are Str 23, Int 8, Dex 13.
Increase (S)trength, (I)ntelligence, or (D)exterity?
You feel stronger. x2
Unknown command.
You puncture the two-headed ogre!
The two-headed ogre is lightly wounded.
The two-headed ogre hits you with a +0 giant club!
* * * LOW HITPOINT WARNING * * *
The two-headed ogre hits you but does no damage.
Unknown command.
You feel much better.
The two-headed ogre hits you with a +0 giant club!
The two-headed ogre hits you with a +0 giant spiked club!
Unknown command.
You barely miss the two-headed ogre.
The two-headed ogre is lightly wounded.
You puncture the two-headed ogre!
The two-headed ogre is moderately wounded.
The two-headed ogre closely misses you. You block the two-headed ogre's attack.
You puncture the two-headed ogre!
The two-headed ogre is heavily wounded.
You hit the two-headed ogre.
The two-headed ogre is severely wounded.
You block the two-headed ogre's attack. The two-headed ogre closely misses you.
You hit the two-headed ogre.
The two-headed ogre is severely wounded.
You thump the two-headed ogre!
The two-headed ogre is almost dead.
The two-headed ogre hits you with a +0 giant club!!
You die...

....##.......##....###
{ '#####...<...##...##
.)[.##.......##..## {
))[.##.......##..#
######.......##..#
.#.. ##########..+
.#.############..#
.#.#....#!.[[##..#
.#)#....#....##.@# {
.#.)....'..))##.O)#
.#'#....#..))##....# {
.'.#....#.!))##......
{
######################


You could see a two-headed ogre.

Vanquished Creatures
  An orc knight (D)
  An efreet (D)
  An air elemental (D)
  A warg (D)
  A water moccasin (D)
  A sky beast (D)
  An ice beast (D)
  A phantom (D)
  A quasit (D)
  A jelly (D)
  3 orc priests (D)
  An iron imp (D)
  An orc wizard (D)
  3 adders (D)
  A gnoll (D)
  A river rat (D)
  3 orcs (D)
  An endoplasm (D)
  A giant cockroach (D)
  A hobgoblin (D)
  3 jackals (D)
  A ball python skeleton (D)
  A bat (D)
  A giant cockroach zombie (D)
  2 rats (D)
34 creatures vanquished.

Notes
Turn   | Place    | Note
-------+----------+-------------------------------------------
     0 | D        | rocky1 the Formicid Fighter began the quest for the Orb.
     0 | D        | Reached XP level 1. HP: 18/18 MP: 1/1
   128 | D        | Found a bloodstained altar of Trog.
   128 | D        | Found a shimmering blue altar of Sif Muna.
   128 | D        | Found a viscous altar of Jiyva.
   128 | D        | Found a hazy altar of Hepliaklqana.
   128 | D        | Found an opulent altar of Gozag.
   129 | D        | Found a glowing golden altar of the Shining One.
   129 | D        | Found a glowing silver altar of Zin.
   129 | D        | Found a basalt altar of Yredelemnul.
   129 | D        | Found a shimmering altar of Xom.
   129 | D        | Found an ornate altar of the Wu Jian Council.
   129 | D        | Found a sacrificial altar of Ru.
   129 | D        | Found a stormy altar of Qazlal.
   129 | D        | Found an iron altar of Okawaru.
   129 | D        | Found a sparkling altar of Nemelex Xobeh.
   129 | D        | Found a burning altar of Makhleb.
   129 | D        | Found a blossoming altar of Fedhas.
   129 | D        | Found a white marble altar of Elyvilon.
   129 | D        | Found a shadowy altar of Dithmenos.
   129 | D        | Found a snail-covered altar of Cheibriados.
   132 | D        | Found a corrupted altar of Lugonu.
   132 | D        | Found a radiant altar of Vehumet.
   133 | D        | Found an ancient bone altar of Kikubaaqudgha.
   133 | D        | Found a hide-covered altar of Uskayaw.
   133 | D        | Found a broken altar of Ashenzari.
   137 | D        | Became a worshipper of Warmaster Okawaru
   197 | D        | Reached skill level 3 in Maces & Flails
   197 | D        | Reached skill level 1 in Dodging
   197 | D        | Reached XP level 2. HP: 16/25 MP: 2/2
   324 | D        | Reached XP level 3. HP: 17/30 MP: 3/3
   519 | D        | Reached skill level 4 in Maces & Flails
   519 | D        | Reached skill level 5 in Shields
   519 | D        | Reached XP level 4. HP: 11/38 MP: 4/4
   926 | D        | Noticed a water moccasin
   926 | D        | Noticed an ice beast
   940 | D        | Killed a water moccasin
   941 | D        | Reached skill level 7 in Maces & Flails
   941 | D        | Reached XP level 5. HP: 30/43 MP: 4/8
   943 | D        | Killed an ice beast
   944 | D        | Reached skill level 8 in Maces & Flails
   944 | D        | Reached skill level 5 in Invocations
   944 | D        | Reached XP level 6. HP: 26/49 MP: 4/10
  1241 | D        | Reached * piety under Okawaru
  1242 | D        | Reached skill level 9 in Maces & Flails
  1249 | D        | Noticed a sky beast
  1258 | D        | Killed a sky beast
  1259 | D        | Reached XP level 7. HP: 54/55 MP: 10/12
  1281 | D        | Reached skill level 10 in Maces & Flails
  1492 | D        | Noticed an air elemental
  1492 | D        | Noticed an orc knight
  1492 | D        | Noticed a warg
  1504 | D        | Reached skill level 10 in Shields
  1506 | D        | Killed an air elemental
  1506 | D        | Reached ** piety under Okawaru
  1507 | D        | Reached skill level 11 in Maces & Flails
  1512 | D        | Killed an orc knight
  1513 | D        | Reached skill level 12 in Maces & Flails
  1513 | D        | Reached XP level 8. HP: 18/61 MP: 12/15
  1931 | D        | Noticed an efreet
  1932 | D        | Noticed a two-headed ogre
  1937 | D        | HP: 3/61 [two-headed ogre/+0 giant club (15)]
  1939 | D        | Killed an efreet
  1940 | D        | Reached skill level 13 in Maces & Flails
  1940 | D        | Reached skill level 10 in Invocations
  1940 | D        | Reached XP level 9. HP: 29/66 MP: 16/16
  1947 | D        | Slain by a two-headed ogre

Illustrated notes

Levels and vault maps discovered:
D:        pitsprint [storerooms_1, entrance_room_1, metal_vault_6, armoury_1,
          mini_pit_1, grid_room_1, main_hall_1, silver_pit, the_coven_2,
          the_vestibule_1, steel_vault_3, golden_pit, hallway_of_sentries,
          crystal_vault_2, iron_vault_4, final_vault]

Skill      XL: |  1  2  3  4  5  6  7  8 |
---------------+-------------------------+-----
Maces & Flails | 3 4 7 8 9 12 13 | 13.2
Dodging        | 1 2 |  2.5
Fighting       | 4 |  4.7
Armour         | 4 |  4.7
Shields        | 5 7 8 9 11 12 | 12.6
Invocations    | 4 5 7 9 10 | 10.3

Action                   |  1- 3 |  4- 6 |  7- 9 || total
-------------------------+-------+-------+-------++-------
Melee: Flail             |    52 |    40 |    50 ||   142
       Morningstar       |       |       |    21 ||    21
  Use: Potion            |       |     1 |     6 ||     7
 Stab: Invisible         |       |       |     1 ||     1
Armor: Scale mail        |    55 |     2 |       ||    57
       Plate armour      |       |    17 |    29 ||    46
Dodge: Dodged            |    47 |     7 |    18 ||    72
Block: Buckler           |    29 |     6 |    19 ||    54

Table legend: (Time is in decaauts)
 A = Elapsed time spent in this place.
 B = Non-inter-level travel time spent in this place.
 C = Inter-level travel time spent in this place.
 D = Time resting spent in this place.
 E = Time spent auto-exploring this place.
 F = Levels seen in this place.
 G = Mean time per level.
                   A        B        C        D        E       F      G
               +--------+--------+--------+--------+--------+-----+--------+
         Total |   1954 |   1891 |     63 |   1417 |      0 |   1 | 1954.0 |
       Dungeon |   1954 |   1891 |     63 |   1417 |      0 |   1 | 1954.0 |
               +--------+--------+--------+--------+--------+-----+--------+

Top non-repeatable levels by time:
       D: 1954 daAuts
